AoeStats
← evilbanane

Golden Pit

509886851Analyzed
1v1 RM · 4d ago on Sep 28, 2026· 73m 16s· 2 players
Game mode
Random Map
Map size
Tiny (2 player)
Population
200
Speed
Normal
Resources
Standard
Victory
Conquest
Starting age
Dark Age
Ending age
Imperial Age
RankedLock teamsTeams togetherTeam positionsShared explorationLock speedFull tech treeHidden civsTurbo modeCheats
Victory
Defeat
🇻🇳 Vietnamese · Vietnam
761
+15
🇩🇪 Britons · Germany
750
-15
evilbanane
8:53 Loom
11:34 Feudal Age
17:46 Castle Age
15:33 Horse Collar
17:30 Double-Bit Axe
21:46 Scale Barding Armor
21:52 Forging
24:00 Fletching
25:00 Stone Mining
26:39 Town Watch
28:12 Bodkin Arrow
28:12 Gold Mining
32:04 Wheelbarrow
33:14 Husbandry
35:59 Ballistics
39:01 Imperial Age
40:50 Pikeman
41:31 Squires
42:29 Gold Shaft Mining
42:28 Hand Cart
42:56 Cavalier
44:54 Heavy Plow
46:44 Bow Saw
46:06 Halberdier
46:54 Bracer
46:57 Padded Archer Armor
47:13 Town Patrol
48:25 Chain Barding Armor
48:41 Iron Casting
50:35 Conscription
51:30 Chemistry
50:50 Leather Archer Armor
52:11 Two-Man Saw
52:40 Yeomen
53:55 Elite Longbowman
57:29 Ring Archer Armor
58:53 Plate Barding Armor
59:19 Blast Furnace
62:00 Scale Mail Armor
61:52 Light Cavalry
69:46 Heavy Scorpion
Peony'hihi
10:48 Feudal Age
13:27 Double-Bit Axe
13:54 Horse Collar
20:16 Castle Age
18:38 Stone Mining
18:40 Gold Mining
19:12 Fletching
20:06 Bloodlines
20:02 Padded Archer Armor
22:59 Scale Mail Armor
26:52 Loom
32:32 Bow Saw
33:48 Wheelbarrow
34:21 Town Watch
34:54 Leather Archer Armor
35:06 Husbandry
35:57 Bodkin Arrow
36:13 Forging
36:14 Heavy Plow
36:28 Chatras
37:28 Stone Shaft Mining
43:01 Imperial Age
40:48 Hand Cart
41:01 Elite Skirmisher
42:23 Iron Casting
43:24 Imperial Skirmisher
45:18 Chemistry
45:41 Ballistics
45:33 Squires
45:19 Arson
44:55 Pikeman
47:45 Two-Man Saw
47:06 Thumb Ring
47:36 Halberdier
50:45 Masonry
51:02 Bracer
52:25 Ring Archer Armor
52:21 Paper Money
53:02 Crop Rotation
60:51 Chain Mail Armor
60:47 Scale Barding Armor
Connection lost

Rejoining the realm…

Still unreachable

The connection could not be restored.

Session expired

The server has moved on; the page needs a fresh start.